 Dungeon Sprint DCSS version bcrawl-1.31 (webtiles) character file.

Game seed: 4945145486932928911

96370 Dniw the Firebug (level 2, 0/15 HPs)
             Began as a Gargoyle Fire Elementalist on Mar 24, 2021.
             Slain by an ogre
             ... wielding a +0 giant club
              (14 damage)
             ... in the Dungeon (Sprint I: "Red Sonja").
             The game lasted 00:06:58 (1000 turns).

Dniw the Firebug (Gargoyle Fire Elementalist)       Turns: 1000, Time: 00:06:58

Health: 0/15       AC:  8    Str: 11    XL:     2   Next: 95%
Magic:  0/5        EV:  9    Int: 15    God:
Gold:   0          SH:  0    Dex: 10    Spells: 3/6 levels left

rFire    . . .     SeeInvis .   k - +2 dagger (venom)
rCold    . . .     Gourm    .   (no shield)
rNeg     + . .     Faith    .   n - +0 scale mail (curse)
rPois    ∞         Spirit   .   (no helmet)
rElec    +         Reflect  .   (no cloak)
rCorr    .         Harm     .   (no gloves)
MR       .....     NoTele   +   (no boots)
Stlth    +.........             (no amulet)
HPRegen  0.05/turn              (no ring)
MPRegen  0.09/turn              (no ring)

@: igniting projectiles
A: negative energy resistance 1, electricity resistance, unbreathing,
petrification resistance, rot immunity, AC +2
a: no special abilities


You were in the Dungeon.
You were not hungry.

You visited 1 branch

Inventory:

Hand Weapons
 k - a +2 dagger of venom (weapon)
 l - a cursed -3 hunting sling
Missiles
 c - 40 stones (quivered)
 m - 283 sling bullets
Armour
 a - a +0 robe
 n - a cursed +0 scale mail (worn)
Wands
 b - a wand of polymorph (6)
Scrolls
 j - a scroll of blinking
Potions
 d - a potion of curing
 f - a potion of heal wounds
 g - a potion of haste
 h - 2 potions of magic
 i - a potion of berserk rage
Comestibles
 e - a ration {!d}


   Skills:
 + Level 2.2 Dodging
 + Level 3.4 Stealth
 + Level 2.9 Spellcasting
 + Level 1.4 Conjurations
 + Level 5.0 Fire Magic


You had 3 spell levels left.
You knew the following spells:

 Your Spells              Type           Power        Failure   Level  Hunger
a - Flame Tongue          Conj/Fire      ##...        34%         1    None
b - Flaming Arrows        Chrm/Fire      #.......     56%         2    #......

Your spell library contained the following spells:

 Spells                   Type           Power        Failure   Level  Hunger
 Conjure Flame            Conj/Fire      ##......     71%         3    ####...
 Inner Flame              Hex/Fire       N/A          80%         3    ####...
 Sticky Flame             Conj/Fire      ##......     98%         4    #####..
 Fireball                 Conj/Fire      ##........   100%        5    #######


Dungeon Overview and Level Annotations

Branches:
Dungeon (1/1)

Altars:


Innate Abilities, Weirdness & Mutations

You are resistant to torment.
Your stone body is resilient. (AC +2)
You are immune to poison.
You resist negative energy. (rN+)
You are resistant to electric shocks. (rElec)
You can survive without breathing.
You are immune to petrification.
You are immune to rotting.


Message History

You begin infusing your projectiles with flame.
The ogre barely misses you.
Unknown command.
You hit the ogre.
The ogre is poisoned.
The ogre is lightly wounded.
Casting: Flaming Arrows (safe; 56% risk of failure)
Confirm with . or Enter, or press ? or * to list all spells.
You extend your fiery infusion's duration.
The ogre barely misses you.
Unknown command.
Casting: Flaming Arrows (safe; 56% risk of failure)
Confirm with . or Enter, or press ? or * to list all spells.
Aiming: Flame Tongue (safe; 34% risk of failure)
Press: ? - help, Shift-Dir - straight line, f - ogre
Aim: an ogre, wielding a +0 giant club (lightly wounded, poisoned)
The flame tongue hits the ogre!
The ogre is heavily wounded.
The ogre hits you with a +0 giant club!
Ouch! That really hurt!
You die...

##########
#<.#..'O.#
#..'..#@.+
#..#####+#
#..# #..#
#..# #⌠⌠#
####


You could see an ogre.

Vanquished Creatures
  Ijyb (D)
1 creature vanquished.

Notes
Turn   | Place    | Note
-------+----------+-------------------------------------------
     0 | D        | Dniw the Gargoyle Fire Elementalist began the quest for the
                  | Orb.
     0 | D        | Reached XP level 1. HP: 10/10 MP: 3/3
     6 | D        | Noticed Ijyb
    31 | D        | Killed Ijyb
    32 | D        | Reached skill level 5 in Fire Magic
    32 | D        | Reached XP level 2. HP: 15/15 MP: 2/5
   875 | D        | Learned a level 2 spell: Flaming Arrows
   993 | D        | Noticed an ogre
  1000 | D        | Slain by an ogre

Skill      XL: |  1 |
---------------+----+-----
Dodging        | 2 |  2.2
Stealth        | 3 |  3.4
Fire Magic     | 5 |  5.0
Spellcasting   | |  2.9
Conjurations   | |  1.4

Action                   || total
-------------------------++-------
Melee: Unarmed           ||     4
       Dagger            ||     2
 Cast: Flame Tongue      ||     4
       Flaming Arrows    ||     2
Armor: Skin              ||     2
       Robe              ||     1
       Scale mail        ||     1
Dodge: Dodged            ||     6
